 Dungeon Crawl Stone Soup version 0.23-a0-299-g9a66eeb (webtiles) character file.

61 mopl the Vexing (level 3, -7/24 HPs)
             Began as a Demonspawn Enchanter on Oct 6, 2018.
             Mangled by an iguana (11 damage)
             ... on level 4 of the Dungeon.
             The game lasted 00:05:09 (2519 turns).

mopl the Vexing (Demonspawn Enchanter)              Turns: 2519, Time: 00:05:10

Health: -7/24      AC:  7    Str:  8    XL:     3   Next: 83%
Magic:  0/6        EV: 17    Int: 16    God:
Gold:   130        SH:  0    Dex: 19    Spells: 0/6 levels left

rFire    . . .     SeeInvis .   a - +1 dagger
rCold    . . .     Gourm    .   (no shield)
rNeg     . . .     Faith    .   e - +0 robe (curse)
rPois    .         Spirit   .   b - +1 helmet
rElec    .         Reflect  .   j - +0 cloak
rCorr    .         Harm     .   (no gloves)
MR       .....                  (no boots)
Stlth    ++++......             (no amulet)
HPRegen  0.08/turn              (no ring)
MPRegen  0.10/turn              (no ring)

@: agile
A: thin metallic scales 1
a: no special abilities


You were on level 4 of the Dungeon.
You were not hungry.

You visited 1 branch of the dungeon, and saw 4 of its levels.

You collected 130 gold pieces.

Inventory:

Hand Weapons
 a - a +1 dagger (weapon)
Missiles
 p - 4 javelins (quivered)
Armour
 b - a +1 helmet (worn)
 e - a cursed +0 robe (worn)
 j - a +0 cloak (worn)
Scrolls
 f - a scroll of identify
 i - a scroll of remove curse {unknown}
 k - a scroll of magic mapping {unknown}
 l - 3 scrolls of amnesia {unknown}
 m - 2 scrolls of teleportation {unknown}
Potions
 h - a potion of flight
 n - a potion of curing
Comestibles
 d - 7 rations


   Skills:
 - Level 0.8 Short Blades
 - Level 1.7 Dodging
 * Level 3.4 Stealth
 + Level 2.4 Spellcasting
 * Level 3.7 Hexes
 + Level 0.7 Ice Magic


You couldn't memorise any spells.
You knew the following spells:

 Your Spells              Type           Power        Failure   Level  Hunger
a - Corona                Hex            ##.....      4%          1    #......
b - Ensorcelled Hibernat  Hex/Ice        #.....       12%         2    ###....
c - Confuse               Hex            ##......     13%         3    ###....

Your spell library contained the following spells:

 Spells                   Type           Power        Failure   Level  Hunger
 Tukima's Dance           Hex            ##......     13%         3    ###....
 Dazzling Spray           Conj/Hex       #.....       28%         3    ###....


Dungeon Overview and Level Annotations

Branches:
Dungeon (4/15)
 Temple: D:4-7

Altars:
Gozag
Zin

Annotations:
D:3 Jessica, Natasha


Innate Abilities, Weirdness & Mutations

You are partially covered in thin metallic scales. (AC +2)


Message History

The iguana bites you but does no damage.
You hit the iguana.
The iguana is moderately wounded.
The iguana barely misses you.
You hit the iguana.
The iguana is moderately wounded.
The iguana bites you.
You hit the iguana but do no damage.
The iguana is moderately wounded.
The iguana closely misses you.
You hit the iguana but do no damage.
The iguana is moderately wounded.
The iguana completely misses you.
You feel agile all of a sudden. The iguana bites you!
* * * LOW HITPOINT WARNING * * *
You hit the iguana but do no damage.
The iguana is moderately wounded.
The iguana stops glowing.
The iguana bites you!
You die...

### #@##### #.
##l...#### (..
####....####
....
####....#...#
###.....#
##.....##
###.........
###.....###...
##.....### ..


You could see an iguana.

Vanquished Creatures
  Robin (D:4)
  A worm (D:2)
  4 dart slugs
  3 orcs (D:3)
  2 giant cockroaches
  4 goblins
  2 hobgoblins
  6 jackals (D:3)
  A quokka (D:3)
  2 bats (D:2)
  3 frilled lizards (D:2)
  4 kobolds
  3 rats
36 creatures vanquished.

Notes
Turn   | Place    | Note
-------+----------+-------------------------------------------
     0 | D:1      | mopl the Demonspawn Enchanter began the quest for the Orb.
     0 | D:1      | Reached XP level 1. HP: 13/13 MP: 3/3
   250 | D:1      | Reached skill level 3 in Stealth
   250 | D:1      | Gained mutation: You are partially covered in thin metallic
                  | scales. (AC +2) [demonic ancestry]
   250 | D:1      | Reached XP level 2. HP: 16/19 MP: 5/5
   254 | D:1      | Learned a level 2 spell: Ensorcelled Hibernation
  1333 | D:2      | Reached XP level 3. HP: 22/24 MP: 1/6
  1354 | D:2      | Learned a level 3 spell: Confuse
  1472 | D:2      | Found an opulent altar of Gozag.
  1473 | D:2      | Found a glowing silver altar of Zin.
  1709 | D:3      | Noticed Jessica
  1724 | D:3      | Noticed Natasha
  2142 | D:3      | Noticed Robin
  2328 | D:4      | Killed Robin
  2481 | D:4      | HP: 1/24 [iguana (8)]
  2519 | D:4      | Mangled by an iguana

Vault maps used:
D:1:      giann_bridges
D:2:      grunt_temple_overflow_gold_and_silver, first_ration,
          minmay_split_cup_large
D:3:      cheibrodos_pilgrimage, gammafunk_ghost_nasty_kobolds, uniq_natasha,
          uniq_jessica, uniq_robin
D:4:      grunt_temple_overflow_open, grunt_qazlal_sundering, kennysheep_donut

Skill      XL: |  1 |
---------------+----+-----
Stealth        | 3 |  3.4
Short Blades   | |  0.8
Dodging        | |  1.7
Spellcasting   | |  2.4
Hexes          | |  3.7
Ice Magic      | |  0.7

Action                   || total
-------------------------++-------
Melee: Dagger            ||   234
 Cast: Corona            ||    11
       Ensorcelled Hiber ||    24
       Confuse           ||     2
  Use: Scroll            ||     6
       Potion            ||     2
 Stab: Sleeping          ||     8
  Eat: Chunk             ||     7
Armor: Robe              ||    79
Dodge: Dodged            ||   165

Table legend:
 A = Non-vault XP
 B = Vault XP
 C = Vault XP percentage of total XP
 D = Non-vault monster count
 E = Vault monster count
 F = Vault count percentage of total count
                 A         B        C        D         E       F
            +---------+---------+-------+---------+---------+-------
      Total |      50 |      38 |  43.2 |      25 |      11 |  30.6
            +---------+---------+-------+---------+---------+-------
        D:1 |      16 |       0 |   0.0 |       7 |       0 |   0.0
        D:2 |      19 |       7 |  26.9 |      10 |       4 |  28.6
        D:3 |      15 |      11 |  42.3 |       8 |       4 |  33.3
        D:4 |       0 |      20 | 100.0 |       0 |       3 | 100.0
            +---------+---------+-------+---------+---------+-------
